AoeStats
← The Red Knight

Arena

505932868Analyzed
1v1 RM · 20d ago on Sep 11, 2026· 40m 39s· 2 players
Game mode
Random Map
Map size
Tiny (2 player)
Population
200
Speed
Normal
Resources
Standard
Victory
Conquest
Starting age
Dark Age
Ending age
Imperial Age
RankedLock teamsTeams togetherTeam positionsShared explorationLock speedFull tech treeHidden civsTurbo modeCheats
Victory
Defeat
🇲🇹 Romans · Malta
1148
+15
🇺🇸 Byzantines · United States
1134
-15
The Red Knight
11:41 Feudal Age
15:39 Castle Age
14:06 Double-Bit Axe
14:40 Horse Collar
16:36 Loom
23:25 Bow Saw
24:31 Wheelbarrow
24:44 Gold Mining
26:46 Hand Cart
29:25 Imperial Age
28:01 Hand Cart
28:09 Padded Archer Armor
29:04 Scale Barding Armor
29:57 Gold Shaft Mining
30:04 Fletching
31:19 Chemistry
34:32 Leather Archer Armor
35:56 Conscription
36:16 Chain Barding Armor
36:16 Light Cavalry
joeyvankoningsbruggen
10:34 Feudal Age
12:47 Loom
15:25 Castle Age
13:41 Double-Bit Axe
16:30 Scale Mail Armor
17:17 Wheelbarrow
21:11 Horse Collar
23:37 Hand Cart
23:07 Town Watch
23:17 Pikeman
24:38 Chain Mail Armor
25:01 Bow Saw
25:27 Squires
26:14 Forging
31:01 Imperial Age
30:06 Iron Casting
33:07 Blast Furnace
31:53 Capped Ram
32:57 Gold Mining
32:57 Stone Mining
36:04 Gold Shaft Mining
36:00 Fletching
35:38 Halberdier
38:19 Ballistics
38:16 Heavy Plow
38:58 Heavy Scorpion
39:47 Ballistas
40:03 Conscription
40:12 Conscription
Connection lost

Rejoining the realm…

Still unreachable

The connection could not be restored.

Session expired

The server has moved on; the page needs a fresh start.